 Dungeon Crawl Stone Soup version 0.25.1-2-g60ff931df9 (webtiles) character file.

Game seed: 10835795545353508309

216 DildoBatman the Conjurer (level 6, -6/41 HPs)
             Began as a Formicid Wizard on Sept 3, 2020.
             Mangled by a worker ant (7 damage)
             ... on level 4 of the Dungeon.
             The game lasted 00:10:01 (3729 turns).

DildoBatman the Conjurer (Formicid Wizard)          Turns: 3729, Time: 00:10:02

Health: -6/41      AC:  3    Str: 11    XL:     6   Next: 16%
Magic:  1/10       EV: 12    Int: 20    God:
Gold:   129        SH:  0    Dex:  9    Spells: 4/11 levels left

rFire    . . .     SeeInvis +   b - +0 short sword
rCold    . . .     Gourm    .   (no shield)
rNeg     . . .     Faith    .   j - +0 robe
rPois    .         Spirit   .   (helmet unavailable)
rElec    .         Reflect  .   (no cloak)
rCorr    .         Harm     .   g - +0 pair of gloves
MR       .....                  (no boots)
Stlth    ++........             (no amulet)
HPRegen  0.13/turn              (no ring)
MPRegen  0.12/turn              (no ring)

@: mighty, lethally poisoned (-6 -> -19)
A: permanent stasis, dig shafts and tunnels, four strong arms, antennae 3
a: Dig, Shaft Self


You were on level 4 of the Dungeon.
You were hungry.

You visited 2 branches of the dungeon, and saw 6 of its levels.

You collected 129 gold pieces.

Inventory:

Hand Weapons
 a - a +0 hunting sling
 b - a +0 short sword (weapon)
 c - a +0 quarterstaff
Missiles
 d - 56 arrows
 e - 18 sling bullets
 f - 50 stones (quivered)
Armour
 g - a +0 pair of gloves (worn)
 j - a +0 robe (worn)
Scrolls
 l - a scroll of fear
Potions
 m - a potion of invisibility {unknown}
Comestibles
 h - a chunk of flesh
 v - 4 rations


   Skills:
 - Level 1.7 Dodging
 - Level 2.4 Stealth
 - Level 3.2 Spellcasting
 * Level 5.1 Conjurations
   Level 1.0 Summonings
   Level 0.8 Translocations


You had 4 spell levels left.
You knew the following spells:

 Your Spells              Type           Power        Failure   Level  Hunger
a - Conjure Flame         Conj/Fire      ##......     14%         3    ###....
c - Magic Dart            Conj           ###.         1%          1    None
e - Mephitic Cloud        Conj/Pois/Air  ##......     21%         3    ###....

Your spell library contained the following spells:

 Spells                   Type           Power        Failure   Level  Hunger
 Call Imp                 Summ           #.......     14%         2    ##.....
 Slow                     Hex            #.......     22%         2    ##.....
 Blink                    Tloc           Unusable     N/A         2    N/A

Dungeon Overview and Level Annotations

Branches:
Dungeon (5/15)             Temple (1/1) D:4

Altars:
Ashenzari
Cheibriados
Dithmenos
Fedhas
Gozag
Hepliaklqana
Nemelex Xobeh
Okawaru
Qazlal
Sif Muna
Trog
Uskayaw
Vehumet
Wu Jian
Xom
Yredelemnul


Innate Abilities, Weirdness & Mutations

You cannot be hasted, slowed, berserked, paralysed or teleported.
You can dig through walls and to a lower floor.
Your four strong arms can wield two-handed weapons with a shield.
You have a pair of large antennae on your head. (SInv)


Message History

The worker ant bites you! The worker ant closely misses you.
It was a potion of might.
You feel very mighty all of a sudden.
You feel sick.
You are no longer poisoned.
The worker ant misses you.
You closely miss the worker ant.
The worker ant is almost dead.
The worker ant bites you.
You are lethally poisoned!
The worker ant poisons you! The worker ant bites you.
You are more poisoned.
The worker ant poisons you!
You barely miss the worker ant.
The worker ant is almost dead.
You feel sick. The worker ant bites you!
You die...

.. #..........# ##..........#
#...........# #...........#
(.......#>#.........#
#.......#.#.#.......######
#......(#.#.#.............
#.......#.#.#.#.#.#.#.#.#
#.......#@#<#.............
#.......#a###.#.......#...
#.......#Z..............#
#...{...#..##.#...>...#.#
#.......+..#............#
...........##....#.......#...
...........##..#.............
.......######.##.#.#.#.#.#..#
....### #.##.............


You could see a worker ant and a quokka skeleton.

Vanquished Creatures
  A hound (D:4)
  A centaur skeleton (D:4)
  A hound skeleton (D:4)
  8 adders
  An ooze (D:3)
  3 worms
  4 dart slugs
  A leopard gecko (D:2)
  3 orcs
  4 bats
  2 giant cockroaches (D:1)
  5 goblins
  2 hobgoblins
  2 jackals (D:2)
  A quokka (D:5)
  A ball python (D:1)
  6 frilled lizards
  2 kobolds (D:1)
  6 rats
54 creatures vanquished.

Notes
Turn   | Place    | Note
-------+----------+-------------------------------------------
     0 | D:1      | DildoBatman the Formicid Wizard began the quest for the
                  | Orb.
     0 | D:1      | Reached XP level 1. HP: 13/13 MP: 4/4
    51 | D:1      | Reached skill level 1 in Conjurations
   239 | D:1      | Reached XP level 2. HP: 19/19 MP: 0/6
   343 | D:1      | Reached skill level 2 in Conjurations
  1033 | D:2      | Reached XP level 3. HP: 24/24 MP: 4/7
  1598 | D:2      | Reached skill level 3 in Conjurations
  1852 | D:2      | Reached XP level 4. HP: 30/30 MP: 5/8
  2187 | D:2      | Found an ornate altar of the Wu Jian Council.
  2299 | D:2      | Reached skill level 4 in Conjurations
  2299 | D:2      | Reached XP level 5. HP: 33/35 MP: 2/9
  2807 | D:3      | You fall into a shaft and drop 2 floors!
  2807 | D:5      | Entered Level 5 of the Dungeon
  2894 | D:5      | Noticed an ogre
  3034 | D:5      | Noticed a centaur
  3273 | D:4      | Found a staircase to the Ecumenical Temple.
  3286 | Temple   | Entered the Ecumenical Temple
  3599 | D:4      | Learned a level 3 spell: Conjure Flame
  3603 | D:4      | Learned a level 3 spell: Mephitic Cloud
  3620 | D:4      | Reached skill level 5 in Conjurations
  3620 | D:4      | Reached XP level 6. HP: 36/41 MP: 1/10
  3729 | D:4      | HP: 1/41 [poisoned by a worker ant]
  3729 | D:4      | Mangled by a worker ant

Illustrated notes

Levels and vault maps discovered:
D:1:      eino_arrival_water_cross, layout_basic, grunt_decor_fettered
D:2:      layout_loops_ring, old_standard_altar, first_ration
D:3:      layout_basic
D:4:      layout_basic, minmay_temple_entry_glass
D:5:      layout_loops_ring, makhleb_heckhound_becter, uniq_blork_the_orc
Temple:   regret_index_temple_generic_petals

Skill      XL: |  1  2  3  4  5 |
---------------+----------------+-----
Conjurations   | 1 2 3 4 5 |  5.1
Dodging        | |  1.7
Stealth        | |  2.4
Spellcasting   | |  3.2
Summonings     | |  1.0
Translocations | |  0.8

Action                   |  1- 3 |  4- 6 || total
-------------------------+-------+-------++-------
Melee: Dagger            |     1 |       ||     1
       Short sword       |    11 |    30 ||    41
 Fire: Hunting sling     |       |     1 ||     1
 Cast: Magic Dart        |    84 |    87 ||   171
       Conjure Flame     |       |     1 ||     1
       Mephitic Cloud    |       |     2 ||     2
 Abil: Dig               |     5 |     1 ||     6
  Use: Scroll            |       |     3 ||     3
       Potion            |       |     1 ||     1
  Eat: Chunk             |     3 |     6 ||     9
Armor: Robe              |     3 |     5 ||     8
Dodge: Dodged            |    13 |    29 ||    42
